 Dungeon Crawl Stone Soup version 0.30-a0-719-gcc4359ea44 (webtiles) character file.

Game seed: 9608524290924342783

95 Darius099 the Ruffian (level 4, -4/44 HPs)
             Began as a Troll Monk on Jan 27, 2023.
             Slain by Dittersdorf's ghost (8 damage)
             ... on level 3 of the Dungeon.
             The game lasted 00:02:40 (1638 turns).

Darius099 the Ruffian (Troll Monk)                  Turns: 1638, Time: 00:02:40

Health: -4/44      AC:  4    Str: 19    XL:     4   Next: 40%
Magic:  3/3        EV: 10    Int:  6    God:
Gold:   74         SH:  0    Dex: 14    Spells: 3/3 levels left

rFire   . . .      SeeInvis .      - Unarmed
rCold   . . .      Faith    .    (no shield)
rNeg    . . .      Spirit   .    a - +0 robe
rPois   .          Reflect  .    (helmet restricted)
rElec   .          Harm     .    (no cloak)
rCorr   .          Rampage  .    (gloves unavailable)
Will    .....                    (boots unavailable)
Stlth   ++                       (no amulet)
HPRegen 1.07/turn                (no ring)
MPRegen 0.08/turn                (no ring)

@: no status effects
A: large, unfitting armour, claws 3, regeneration 1, shaggy fur 1, tough skin 1
a: no special abilities


You were on level 3 of the Dungeon.
You visited 1 branch of the dungeon, and saw 3 of its levels.

You collected 74 gold pieces.

Inventory:

Armour
 a - a +0 robe (worn)
Jewellery
 j - a ring of flight
Scrolls
 c - a scroll of amnesia {unknown}
 f - a scroll of acquirement {unknown}
 g - a scroll of identify {unknown}
 k - a scroll of poison {unknown}
 l - a scroll of noise {unknown}
 o - a scroll of magic mapping {unknown}
 q - a scroll of teleportation {unknown}
Potions
 b - a potion of ambrosia
 d - a potion of heal wounds {unknown}
 e - a potion of brilliance {unknown}
 h - a potion of lignification {unknown}
 i - a potion of haste {unknown}
 m - a potion of cancellation {unknown}
 n - a potion of might {unknown}
 p - a potion of flight {unknown}


   Skills:
 - Level 2.4 Fighting
 - Level 2.4 Dodging
 - Level 1.0 Stealth
 + Level 5.2 Unarmed Combat


You had 3 spell levels left.
You didn't know any spells.
Your spell library contained the following spells:

 Spells                   Type           Power      Damage    Failure   Level
 Summon Small Mammal      Summ           0%         N/A       45%         1
 Call Canine Familiar     Summ           0%         N/A       83%         3
 Summon Guardian Golem    Hex/Summ       0%         N/A       83%         3
 Conjure Ball Lightning   Conj/Air       0%         3x3d6     100%        6
 Discord                  Hex            0%         N/A       100%        8
 Disjunction              Tloc           0%         N/A       100%        8


Dungeon Overview and Level Annotations

Branches:
Dungeon (3/15)

Altars:
Qazlal

Shops:
D:3 =

Annotations:
D:3 1 transporter, Dittersdorf's ghost, amateur GrFi


Innate Abilities, Weirdness & Mutations

You are too large for most types of armour.
You have claws for hands.
Your natural rate of healing is unusually fast.
You are covered in fur. (AC +1)
You have tough skin. (AC +1)


Message History

The phantom closely misses you. Dittersdorf's ghost barely misses you.
The rat barely misses you.
You scratch the phantom but do no damage.
The phantom is moderately damaged.
Dittersdorf's ghost hits you! The rat bites you. The phantom hits you.
The phantom blinks!
You closely miss Dittersdorf's ghost.
Dittersdorf's ghost says, "There is no future for me!"
Dittersdorf's ghost barely misses you. The rat bites you but does no damage.
You scratch Dittersdorf's ghost but do no damage.
Dittersdorf's ghost hits you but does no damage.
The rat barely misses you.
You claw Dittersdorf's ghost!
Dittersdorf's ghost is moderately damaged.
The phantom closely misses you. Dittersdorf's ghost hits you!
* * * LOW HITPOINT WARNING * * *
The rat bites you but does no damage.
You claw Dittersdorf's ghost!
Dittersdorf's ghost is heavily damaged.
Dittersdorf's ghost closely misses you. The phantom closely misses you.
The rat closely misses you.
You scratch Dittersdorf's ghost.
Dittersdorf's ghost is severely damaged.
You barely miss Dittersdorf's ghost.
Dittersdorf's ghost is severely damaged.
Dittersdorf's ghost hits you. The phantom hits you.
* * * LOW HITPOINT WARNING * * *
The rat closely misses you.
You barely miss Dittersdorf's ghost.
Dittersdorf's ghost is severely damaged.
The phantom hits you.
* * * LOW HITPOINT WARNING * * *
The phantom blinks!
The rat bites you.
* * * LOW HITPOINT WARNING * * *
Dittersdorf's ghost hits you!
* * * LOW HITPOINT WARNING * * *
You scratch Dittersdorf's ghost but do no damage.
Dittersdorf's ghost is severely damaged.
Dittersdorf's ghost hits you!
You die...

#..##############
#.#.............##
#................#
#....#########...#
#...##©.....$##..#
#...#8.......8#..#
#...#......W..#..########
#...#..§.....?#..........
#..©#..W@©...$#©..#######
##..#..r.†...)#..##
#..#.........#..#
#..#8.......8#..#
#..##.......##..#
#...#########...#
#...............#
##.............##
###############


You could see a phantom, Dittersdorf's ghost and a rat.

Vanquished Creatures
  Jessica (D:2)
  2 adders (D:3)
  A worm (D:2)
  A dart slug (D:3)
  5 ball pythons
  5 endoplasms
  2 giant cockroaches (D:1)
  4 goblins (D:1)
  5 hobgoblins
  5 kobolds
  A quokka (D:3)
  7 bats
  4 frilled lizards
  5 rats
48 creatures vanquished.

Notes
Turn   | Place    | Note
-------+----------+-------------------------------------------
     0 | D:1      | Darius099 the Troll Monk began the quest for the Orb.
     0 | D:1      | Reached XP level 1. HP: 22/22 MP: 0/0
   126 | D:1      | Reached XP level 2. HP: 29/29 MP: 1/1
   279 | D:1      | Reached skill level 4 in Unarmed Combat
   923 | D:2      | Reached XP level 3. HP: 36/36 MP: 2/2
   991 | D:2      | Noticed Jessica
   995 | D:2      | Killed Jessica
  1194 | D:2      | You fall into a shaft and drop 1 floor!
  1199 | D:3      | Found Tofrin's Jewellery Emporium.
  1209 | D:3      | Reached skill level 5 in Unarmed Combat
  1209 | D:3      | Reached XP level 4. HP: 42/44 MP: 3/3
  1240 | D:3      | Found a transporter.
  1245 | D:3      | Found a transporter.
  1245 | D:3      | Noticed Dittersdorf's ghost (amateur GrFi)
  1258 | D:3      | Noticed a phantom
  1371 | D:3      | Found a stormy altar of Qazlal.
  1372 | D:3      | Noticed an air elemental
  1374 | D:3      | Noticed a water elemental
  1375 | D:3      | Noticed an earth elemental
  1375 | D:3      | Noticed a fire elemental
  1638 | D:3      | Slain by Dittersdorf's ghost

Illustrated notes

Levels and vault maps discovered:
D:1:      roderic_crop_circles_arrival_small, layout_basic, st_stairs_12,
          grunt_decor_mini_mirrors, minmay_misc_feat_rugged,
          minmay_misc_feat_diagonals
D:2:      layout_loops_corners, minmay_heptomino_l4, uniq_jessica,
          uniq_crazy_yiuf_cottage
D:3:      layout_basic, nicolae_qazlal_style_of_elements, gammafunk_ghost_arena,
          serial_shops, nicolae_shop_behind_doors

Skill      XL: |  1  2  3 |
---------------+----------+-----
Unarmed Combat | 4 5 |  5.2
Fighting       | |  2.4
Dodging        | |  2.4
Stealth        | |  1.0

Action                     |  1- 3 |  4- 6 || total
---------------------------+-------+-------++-------
  Melee: Unarmed           |    74 |    33 ||   107
         Punch             |     1 |       ||     1
   Stab: Sleeping          |     2 |     2 ||     4
         Distracted        |     1 |       ||     1
 Armour: Robe              |    21 |    12 ||    33
  Dodge: Dodged            |    28 |    18 ||    46

Table legend: (Time is in decaauts)
 A = Elapsed time spent in this place.
 B = Non-inter-level travel time spent in this place.
 C = Inter-level travel time spent in this place.
 D = Time resting spent in this place.
 E = Time spent auto-exploring this place.
 F = Levels seen in this place.
 G = Mean time per level.
                   A        B        C        D        E       F      G
               +--------+--------+--------+--------+--------+-----+--------+
         Total |   1628 |   1573 |     55 |      0 |   1274 |   3 |  542.7 |
       Dungeon |   1628 |   1573 |     55 |      0 |   1274 |   3 |  542.7 |
               +--------+--------+--------+--------+--------+-----+--------+

Top non-repeatable levels by time:
     D:1: 776 daAuts
     D:3: 440 daAuts
     D:2: 411 daAuts
